General information
- name: BNet
- type: Ladder team game (AT/RT)
- host: Battle.net
- saver: Donttickmeoff
map: Cherryville
- players: 8
- length: 34:15
- speed: Fast
- version: 1.26 W3XP
- replay type: Public
» download(207 KB)
Players
team 1 (winner)
hongmylaoto (
yellow | 45 APM | 1476 actions | 33:06)
5 Keeper of the Grove
2 Force of Nature
3 Entangling Roots
1 Priestess of the Moon
1 Scout
1 Shadow Hunter
1 Hex
1 Far Seer
1 Feral Spirit
» actions
| Assign group hotkey | 10 | |
| Build / train | 127 | |
| Enter build submenu | 52 | |
| Enter hero's abilities submenu | 8 | |
| Give item / drop item | 7 | |
| Remove unit from queue | 2 | |
| Right click | 537 | |
| Select / deselect | 575 | |
| Select group hotkey | 42 | |
| Use ability | 116 | |
1476 total
» units
| Wisp | 41 | |
| Huntress | 8 | |
| Goblin Shredder | 1 | |
| Hippogryph | 9 | |
| Chimaera | 1 | |
| Wind Rider | 15 | |
| Troll Headhunter/Berserker | 8 | |
| Shaman | 1 | |
| Faerie Dragon | 4 | |
| Troll Witch Doctor | 3 | |
91 total
» upgrades
| Strength of the Wild | 1 | |
| Reinforced Hides | 1 | |
| Sentinel | 1 | |
| Envenomed Spears | 1 | |
| Witch Doctor Training | 2 | |
| Berserker Upgrade | 1 | |
| Troll Regeneration | 2 | |
| Spiked Barricades | 1 | |
| Ranged Weapons | 1 | |
11 total
» buildings
| Moon Well | 9 | |
| Altar of Elders | 3 | |
| Hunter's Hall | 1 | |
| Ancient of War | 2 | |
| Ancient of Wonders | 2 | |
| Ancient Protector | 6 | |
| Tree of Life | 2 | |
| Tree of Ages | 2 | |
| Tree of Eternity | 1 | |
| Ancient of Wind | 9 | |
| Chimaera Roost | 5 | |
| Beastiary | 2 | |
| Barracks | 1 | |
| Orc Burrow | 1 | |
| Great Hall | 1 | |
| Voodoo Lounge | 1 | |
48 total
» build order
00:24 Moon Well
00:38 Altar of Elders
01:30 Hunter's Hall
01:57 Ancient of War
02:13 Ancient of War
02:23 Moon Well
02:37 Ancient of Wonders
03:55 Moon Well
04:09 Ancient Protector
06:29 Tree of Life
06:38 Ancient Protector
06:41 Ancient Protector
06:44 Ancient Protector
06:48 Ancient Protector
07:50 Tree of Ages
08:12 Moon Well
09:21 Ancient Protector
10:18 Tree of Eternity
11:42 Ancient of Wind
12:20 Moon Well
12:51 Chimaera Roost
12:53 Chimaera Roost
12:56 Chimaera Roost
12:59 Chimaera Roost
13:39 Ancient of Wind
14:26 Chimaera Roost
14:59 Ancient of Wind
15:40 Beastiary
15:43 Beastiary
16:16 Tree of Ages
16:29 Barracks
16:50 Orc Burrow
17:17 Altar of Elders
17:19 Moon Well
18:40 Ancient of Wind
18:43 Ancient of Wind
18:46 Altar of Elders
19:34 Ancient of Wonders
19:48 Moon Well
20:13 Moon Well
25:08 Tree of Life
25:30 Great Hall
26:20 Moon Well
27:41 Voodoo Lounge
30:49 Ancient of Wind
30:52 Ancient of Wind
30:55 Ancient of Wind
30:59 Ancient of Wind
» items
| Orb of Lightning | 1 | |
| Potion of Mana | 2 | |
| Scroll of Speed | 1 | |
| Scroll of Town Portal | 2 | |
| Potion of Healing | 1 | |
| Healing Salve | 1 | |
8 total
Fag (
orange | 41 APM | 618 actions | 15:06)
3 Tauren Chieftain
1 War Stomp
2 Endurance Aura
» actions
| Assign group hotkey | 16 | |
| Basic commands | 3 | |
| Build / train | 51 | |
| ESC pressed | 2 | |
| Enter build submenu | 21 | |
| Enter hero's abilities submenu | 3 | |
| Give item / drop item | 1 | |
| Remove unit from queue | 7 | |
| Right click | 239 | |
| Select / deselect | 228 | |
| Select group hotkey | 5 | |
| Use ability | 42 | |
618 total
» units
| Peon | 16 | |
| Troll Headhunter/Berserker | 10 | |
| Shaman | 3 | |
29 total
» upgrades
| Ranged Weapons | 2 | |
| Armor | 1 | |
| Shaman Training | 2 | |
| Berserker Upgrade | 1 | |
6 total
» buildings
| Altar of Storms | 1 | |
| Orc Burrow | 4 | |
| War Mill | 2 | |
| Barracks | 2 | |
| Voodoo Lounge | 1 | |
| Stronghold | 1 | |
| Watch Tower | 6 | |
| Fortress | 1 | |
| Spirit Lodge | 2 | |
| Great Hall | 1 | |
21 total
» build order
00:17 Altar of Storms
00:21 Orc Burrow
01:07 War Mill
01:25 Barracks
01:28 Orc Burrow
01:56 Barracks
02:58 Orc Burrow
03:18 Voodoo Lounge
04:13 Stronghold
07:18 Watch Tower
07:20 Watch Tower
07:26 Watch Tower
07:41 Fortress
08:12 Watch Tower
08:15 Watch Tower
08:32 Fortress
09:27 Spirit Lodge
09:38 Spirit Lodge
10:07 Watch Tower
11:03 Orc Burrow
12:10 Great Hall
12:25 War Mill
» items
| Healing Salve | 1 | |
| Orb of Lightning | 1 | |
| Scroll of Town Portal | 1 | |
3 total

»
heywhitie11 (
teal | 54 APM | 823 actions | 15:14)
3 Far Seer
1 Feral Spirit
2 Chain Lighting
1 Shadow Hunter
1 Healing Wave
» actions
| Assign group hotkey | 7 | |
| Build / train | 39 | |
| Enter build submenu | 23 | |
| Enter hero's abilities submenu | 4 | |
| Remove unit from queue | 1 | |
| Right click | 437 | |
| Select / deselect | 163 | |
| Select group hotkey | 102 | |
| Use ability | 47 | |
823 total
» units
» upgrades
| Pillage | 1 | |
| Melee Weapons | 1 | |
| Armor | 2 | |
| Berserker Strength | 1 | |
5 total
» buildings
| Orc Burrow | 6 | |
| Altar of Storms | 1 | |
| War Mill | 1 | |
| Barracks | 1 | |
| Voodoo Lounge | 1 | |
| Watch Tower | 9 | |
| Stronghold | 1 | |
| Spirit Lodge | 1 | |
| Beastiary | 1 | |
| Fortress | 1 | |
23 total
» build order
00:03 Orc Burrow
00:06 Altar of Storms
00:41 War Mill
01:12 Barracks
01:47 Orc Burrow
02:40 Orc Burrow
03:59 Orc Burrow
04:10 Voodoo Lounge
04:41 Watch Tower
04:49 Watch Tower
05:21 Stronghold
05:25 Orc Burrow
05:56 Watch Tower
06:00 Watch Tower
06:29 Orc Burrow
07:17 Watch Tower
07:19 Watch Tower
09:04 Watch Tower
09:25 Spirit Lodge
11:01 Beastiary
11:49 Fortress
13:12 Watch Tower
13:16 Watch Tower
» items
| Healing Salve | 3 | |
| Scroll of Speed | 1 | |
| Scroll of Town Portal | 1 | |
5 total
SHEARLUCK. (
blue | 61 APM | 2097 actions | 34:15)
6 Blademaster
3 Wind Walk
2 Critical Strike
1 Bladestorm
3 Shadow Hunter
1 Hex
2 Healing Wave
» actions
| Assign group hotkey | 49 | |
| Basic commands | 120 | |
| Build / train | 65 | |
| Enter build submenu | 25 | |
| Enter hero's abilities submenu | 9 | |
| Give item / drop item | 8 | |
| Remove unit from queue | 3 | |
| Right click | 877 | |
| Select / deselect | 279 | |
| Select group hotkey | 546 | |
| Use ability | 116 | |
2097 total
» units
| Peon | 7 | |
| Grunt | 3 | |
| Goblin Shredder | 3 | |
| Wind Rider | 4 | |
| Demolisher | 5 | |
| Goblin Sapper | 7 | |
29 total
» upgrades
| Reinforced Defenses | 3 | |
| Envenomed Spears | 1 | |
| Ranged Weapons | 2 | |
| Armor | 2 | |
| Liquid Fire | 1 | |
| Troll Regeneration | | |
9 total
» buildings
| Altar of Storms | 1 | |
| Orc Burrow | 6 | |
| Barracks | 1 | |
| Voodoo Lounge | 1 | |
| Stronghold | 1 | |
| War Mill | 1 | |
| Great Hall | 1 | |
| Fortress | 2 | |
| Watch Tower | 33 | |
| Beastiary | 3 | |
50 total
» build order
00:08 Altar of Storms
00:21 Orc Burrow
00:36 Barracks
01:34 Orc Burrow
02:04 Voodoo Lounge
03:02 Stronghold
03:34 Orc Burrow
03:52 War Mill
04:39 Great Hall
05:30 Fortress
05:31 Fortress
06:07 Watch Tower
06:07 Watch Tower
06:07 Watch Tower
06:08 Watch Tower
06:13 Watch Tower
06:15 Watch Tower
06:16 Watch Tower
06:43 Orc Burrow
07:27 Beastiary
07:59 Beastiary
09:22 Watch Tower
09:22 Watch Tower
09:36 Watch Tower
09:41 Watch Tower
09:58 Watch Tower
09:58 Watch Tower
10:00 Watch Tower
10:00 Watch Tower
10:54 Beastiary
10:55 Orc Burrow
10:56 Orc Burrow
12:55 Watch Tower
12:55 Watch Tower
12:56 Watch Tower
13:45 Watch Tower
13:46 Watch Tower
15:53 Watch Tower
15:53 Watch Tower
15:54 Watch Tower
15:54 Watch Tower
15:54 Watch Tower
16:10 Watch Tower
16:10 Watch Tower
18:39 Watch Tower
18:39 Watch Tower
18:39 Watch Tower
18:40 Watch Tower
18:40 Watch Tower
» items
| Healing Salve | 4 | |
| Scroll of Town Portal | 3 | |
| Orb of Lightning | 1 | |
| Staff of Teleportation | 1 | |
| Boots of Speed | 1 | |
| Potion of Lesser Invulnerability | 1 | |
11 total
team 2 (loser)
Darkness917 (
purple | 56 APM | 1170 actions | 20:49)
4 Mountain King
2 Storm Bolt
2 Bash
3 Naga Sea Witch
2 Frost Arrows
1 Forked Lightning
3 Firelord
2 Soul Burn
1 Incinerate
» actions
| Build / train | 58 | |
| Enter build submenu | 19 | |
| Enter hero's abilities submenu | 10 | |
| Give item / drop item | 2 | |
| Right click | 711 | |
| Select / deselect | 296 | |
| Use ability | 74 | |
1170 total
» units
| Peasant | 15 | |
| Spell Breaker | 5 | |
| Priest | 3 | |
23 total
» upgrades
| Lumber Harvesting | 2 | |
| Control Magic | 1 | |
| Magic Sentry | 1 | |
| Priest Training | 2 | |
| Swords | 2 | |
8 total
» buildings
| Altar of Kings | 2 | |
| Barracks | 1 | |
| Farm | 9 | |
| Lumber Mill | 1 | |
| Arcane Vault | 1 | |
| Keep | 3 | |
| Arcane Sanctum | 2 | |
| Castle | 1 | |
| Town Hall | 1 | |
| Scout Tower | 1 | |
| Arcane Tower | 1 | |
| Blacksmith | 1 | |
24 total
» build order
00:16 Altar of Kings
00:20 Altar of Kings
00:25 Barracks
00:28 Farm
00:52 Farm
01:38 Lumber Mill
01:47 Arcane Vault
03:20 Keep
03:20 Keep
03:21 Keep
03:48 Farm
04:07 Farm
05:43 Arcane Sanctum
05:46 Arcane Sanctum
06:05 Castle
06:45 Farm
07:14 Farm
07:40 Farm
08:20 Town Hall
08:25 Scout Tower
08:57 Arcane Tower
12:19 Farm
12:19 Farm
13:06 Blacksmith
» items
| Scroll of Regeneration | 2 | |
| Lesser Clarity Potion | 1 | |
| Dust of Appearance | 2 | |
5 total
iHackFTW (
red | 52 APM | 1650 actions | 31:53)
5 Dreadlord
2 Sleep
3 Vampiric Aura
2 Death Knight
1 Death Coil
1 Unholy Aura
» actions
| Assign group hotkey | 29 | |
| Basic commands | 17 | |
| Build / train | 82 | |
| Enter build submenu | 31 | |
| Enter hero's abilities submenu | 7 | |
| Remove unit from queue | 1 | |
| Right click | 541 | |
| Select / deselect | 422 | |
| Select group hotkey | 432 | |
| Use ability | 88 | |
1650 total
» units
| Acolyte | 12 | |
| Ghoul | 16 | |
| Goblin Shredder | 1 | |
| Goblin Zeppelin | 1 | |
| Obsidian Statue | 3 | |
| Meatwagon | 4 | |
| Necromancer | 10 | |
47 total
» upgrades
| Unholy Armor | 3 | |
| Unholy Strength | 3 | |
| Ghoul Frenzy | 1 | |
| Skeletal Mastery | 1 | |
| Skeletal Longevity | 2 | |
| Necromancer Training | 2 | |
| Exhume Corpses | 1 | |
13 total
» buildings
| Crypt | 2 | |
| Ziggurat | 11 | |
| Altar of Darkness | 1 | |
| Necropolis | 1 | |
| Graveyard | 1 | |
| Halls of the Dead | 1 | |
| Tomb of Relics | 3 | |
| Nerubian Tower | 1 | |
| Spirit Tower | 3 | |
| Black Citadel | 1 | |
| Sacrificial Pit | 1 | |
| Temple of the Damned | 2 | |
| Boneyard | 1 | |
| Slaughterhouse | 4 | |
33 total
» build order
00:14 Crypt
00:16 Ziggurat
00:51 Crypt
01:06 Ziggurat
01:57 Altar of Darkness
02:32 Ziggurat
03:34 Ziggurat
05:12 Necropolis
05:29 Graveyard
06:05 Halls of the Dead
07:30 Ziggurat
07:32 Ziggurat
07:34 Ziggurat
08:02 Tomb of Relics
08:08 Tomb of Relics
08:19 Ziggurat
08:21 Ziggurat
08:29 Ziggurat
08:33 Nerubian Tower
08:35 Spirit Tower
08:39 Black Citadel
08:50 Sacrificial Pit
09:47 Tomb of Relics
10:48 Temple of the Damned
10:51 Temple of the Damned
11:51 Boneyard
12:01 Slaughterhouse
12:04 Slaughterhouse
12:04 Slaughterhouse
13:11 Slaughterhouse
14:06 Ziggurat
22:18 Spirit Tower
22:21 Spirit Tower
» items
| Healing Salve | 1 | |
| Lesser Clarity Potion | 2 | |
| Potion of Healing | 1 | |
| Orb of Corruption | 1 | |
5 total
Donttickmeoff (
green | 93 APM | 3187 actions | 34:15)
9 Archmage
3 Summon Water Elemental
3 Brilliance Aura
1 Mass Teleport
2 Blizzard
» actions
| Assign group hotkey | 116 | |
| Basic commands | 246 | |
| Build / train | 203 | |
| Enter build submenu | 68 | |
| Enter hero's abilities submenu | 9 | |
| Give item / drop item | 10 | |
| Right click | 977 | |
| Select / deselect | 343 | |
| Select group hotkey | 1005 | |
| Use ability | 210 | |
3187 total
» units
| Peasant | 14 | |
| Footman | 7 | |
| Goblin Shredder | 1 | |
| Goblin Zeppelin | 3 | |
| Gryphon Rider | 14 | |
| Goblin Sapper | 4 | |
| Dragonhawk Rider | 2 | |
45 total
» upgrades
| Masonry | 3 | |
| Storm Hammers | 1 | |
| Cloud | 1 | |
| Swords | 3 | |
| Armor | 3 | |
| Animal War Training | 1 | |
| Lumber Harvesting | 2 | |
| Plating | 3 | |
| Gunpowder | 3 | |
| Long Rifles | 1 | |
| Defend | 1 | |
| Backpack | 1 | |
| Spiked Barricades | 1 | |
| Ensnare | 1 | |
| Witch Doctor Training | 1 | |
26 total
» buildings
| Altar of Kings | 1 | |
| Barracks | 1 | |
| Farm | 13 | |
| Arcane Vault | 1 | |
| Lumber Mill | 1 | |
| Town Hall | 1 | |
| Scout Tower | 29 | |
| Guard Tower | 68 | |
| Keep | 3 | |
| Castle | 4 | |
| Gryphon Aviary | 4 | |
| Blacksmith | 2 | |
| Watch Tower | 13 | |
141 total
» build order
00:59 Altar of Kings
01:00 Barracks
01:03 Farm
01:08 Farm
01:11 Farm
02:15 Arcane Vault
02:41 Lumber Mill
03:40 Farm
04:16 Town Hall
04:26 Scout Tower
04:27 Scout Tower
04:28 Scout Tower
04:30 Scout Tower
05:04 Guard Tower
05:05 Guard Tower
05:54 Keep
05:55 Keep
07:06 Scout Tower
07:07 Scout Tower
07:09 Scout Tower
07:10 Scout Tower
07:12 Scout Tower
07:34 Guard Tower
07:35 Guard Tower
07:35 Guard Tower
07:35 Guard Tower
07:38 Guard Tower
07:38 Guard Tower
07:39 Guard Tower
07:40 Guard Tower
07:41 Guard Tower
07:45 Guard Tower
07:45 Guard Tower
07:46 Guard Tower
08:28 Castle
08:28 Castle
08:28 Castle
08:37 Gryphon Aviary
08:38 Gryphon Aviary
09:39 Scout Tower
09:40 Scout Tower
09:42 Scout Tower
09:44 Scout Tower
10:13 Guard Tower
10:14 Guard Tower
10:14 Guard Tower
10:14 Guard Tower
10:16 Guard Tower
10:16 Guard Tower
10:16 Guard Tower
10:17 Guard Tower
10:17 Guard Tower
10:20 Scout Tower
10:52 Guard Tower
10:53 Guard Tower
10:53 Guard Tower
11:00 Blacksmith
11:08 Blacksmith
11:49 Farm
11:50 Farm
12:26 Scout Tower
12:27 Scout Tower
12:28 Scout Tower
12:29 Scout Tower
12:29 Scout Tower
12:56 Guard Tower
12:56 Guard Tower
12:57 Guard Tower
12:58 Guard Tower
12:58 Guard Tower
12:59 Guard Tower
12:59 Guard Tower
13:00 Guard Tower
13:00 Guard Tower
13:00 Guard Tower
13:00 Guard Tower
13:01 Guard Tower
13:01 Guard Tower
15:19 Gryphon Aviary
15:21 Gryphon Aviary
16:34 Farm
16:38 Farm
16:41 Farm
16:44 Farm
25:01 Farm
25:02 Farm
25:02 Farm
25:04 Scout Tower
25:05 Scout Tower
25:06 Scout Tower
25:08 Scout Tower
25:12 Scout Tower
25:14 Scout Tower
25:16 Scout Tower
25:19 Scout Tower
25:22 Scout Tower
25:24 Scout Tower
25:35 Guard Tower
25:35 Guard Tower
25:35 Guard Tower
25:38 Guard Tower
25:38 Guard Tower
25:38 Guard Tower
25:43 Guard Tower
25:43 Guard Tower
25:43 Guard Tower
25:48 Guard Tower
25:48 Guard Tower
25:48 Guard Tower
26:15 Guard Tower
26:15 Guard Tower
26:15 Guard Tower
31:15 Watch Tower
31:16 Watch Tower
31:16 Watch Tower
31:17 Watch Tower
31:18 Watch Tower
31:19 Watch Tower
31:20 Watch Tower
31:23 Watch Tower
31:25 Watch Tower
31:26 Watch Tower
31:33 Watch Tower
31:36 Watch Tower
32:25 Watch Tower
» items
| Scroll of Regeneration | 7 | |
| Mechanical Critter | 3 | |
| Periapt of Vitality | 1 | |
| Staff of Teleportation | 1 | |
| Staff of Sanctuary | 1 | |
13 total

»
madpoopybutts (
pink | 36 APM | 853 actions | 23:28)
7 Tauren Chieftain
3 Shockwave
3 Endurance Aura
1 Reincarnation
» actions
| Basic commands | 3 | |
| Build / train | 74 | |
| ESC pressed | 1 | |
| Enter build submenu | 28 | |
| Enter hero's abilities submenu | 7 | |
| Give item / drop item | 1 | |
| Remove unit from queue | 1 | |
| Right click | 406 | |
| Select / deselect | 273 | |
| Use ability | 59 | |
853 total
» units
| Peon | 28 | |
| Grunt | 6 | |
| Tauren | 6 | |
| Shaman | 6 | |
| Troll Batrider | 7 | |
53 total
» upgrades
| Armor | 2 | |
| Melee Weapons | 1 | |
| Shaman Training | 2 | |
| Pulverize | 1 | |
| Reinforced Defenses | 1 | |
7 total
» buildings
| Altar of Storms | 1 | |
| Orc Burrow | 7 | |
| Barracks | 1 | |
| Voodoo Lounge | 1 | |
| Stronghold | 1 | |
| Great Hall | 4 | |
| War Mill | 1 | |
| Fortress | 1 | |
| Spirit Lodge | 1 | |
| Watch Tower | 7 | |
| Tauren Totem | 2 | |
| Beastiary | 1 | |
28 total
» build order
00:14 Altar of Storms
00:16 Orc Burrow
00:59 Barracks
01:27 Orc Burrow
01:51 Voodoo Lounge
02:54 Orc Burrow
03:48 Stronghold
05:16 Great Hall
05:31 War Mill
06:13 Fortress
06:35 Spirit Lodge
07:01 Watch Tower
07:03 Watch Tower
07:49 Watch Tower
08:52 Tauren Totem
08:57 Tauren Totem
10:41 Orc Burrow
11:43 Great Hall
12:25 Great Hall
12:31 Orc Burrow
13:24 Orc Burrow
16:18 Great Hall
19:16 Beastiary
19:20 Watch Tower
19:23 Watch Tower
20:36 Orc Burrow
20:39 Watch Tower
20:45 Watch Tower
» items
| Healing Salve | 2 | |
| Orb of Lightning | 1 | |
3 total
Chat log
(00:29 / Allies) madpoopybutts: meelee shams
(01:25 / All) iHackFTW: do they know it's christmas time at all.....
(01:26 / All) SHEARLUCK.: so who has seen the star wars movie
(01:46 / All) Donttickmeoff: I liked it except for when Han Solo got shot
(02:02 / Allies) Darkness917: i cried in that moment
(02:03 / All) Donttickmeoff: princess leia is old as fuck now
(02:07 / All) madpoopybutts: once they made princess lea trans i was kinda over it
(02:22 / All) SHEARLUCK.: wtf shes a dude now?
(02:25 / All) Donttickmeoff: yeah
(02:28 / All) madpoopybutts: like we get it
(02:31 / All) madpoopybutts: accept everyonen
(02:39 / All) madpoopybutts: regardless of their penis : dress ratio
(02:43 / All) Donttickmeoff: it's prince leia now
(02:45 / All) madpoopybutts: but come on
(02:55 / All) SHEARLUCK.: thats some bullshit
(02:58 / All) SHEARLUCK.: freaking disney
(03:22 / All) madpoopybutts: this is what happens when you let the jewish media get a hold of star wars
(03:44 / All) SHEARLUCK.: i didnt know disney ceo was jewish
(03:51 / All) madpoopybutts: and trans
(03:54 / All) Donttickmeoff: all media owners are
(04:04 / All) SHEARLUCK.: we live in strange times
(09:45 / Allies) madpoopybutts: wood?
(09:56 / Allies) madpoopybutts: ty
(10:10 / All) SHEARLUCK.: FOR ROMA VICTOR
(10:24 / Allies) Darkness917: be rdy
(10:47 / Allies) Donttickmeoff: Tp when they hit a main
(10:48 / Allies) Donttickmeoff: in a sec
(10:55 / Allies) madpoopybutts: green
(10:58 / Allies) madpoopybutts: please use that gold
(11:02 / Allies) Donttickmeoff: I'm
(11:04 / Allies) Donttickmeoff: just finished t3
(12:48 / Allies) madpoopybutts: no
(12:49 / Allies) madpoopybutts: b
(12:50 / Allies) madpoopybutts: b
(12:50 / Allies) madpoopybutts: b
(12:50 / Allies) madpoopybutts: b
(12:51 / Allies) madpoopybutts: b
(12:51 / Allies) madpoopybutts: bb
(12:53 / Allies) Darkness917: k
(15:20 / Allies) madpoopybutts: wood?
(15:21 / Allies) Darkness917: good job
(16:24 / Allies) madpoopybutts: ?
(17:35 / Allies) madpoopybutts: teal air
(18:02 / Allies) Darkness917: green
(18:04 / Allies) madpoopybutts: green what happened?
(18:09 / Allies) Donttickmeoff: ?
(18:11 / Allies) Donttickmeoff: what do you mean?
(18:35 / Allies) madpoopybutts: guess he doesnt like you
(19:08 / Allies) Donttickmeoff: yeah not a big fan of purple
(19:54 / Allies) Donttickmeoff: Purple, you have 2 minutes to explain your sins this game
(19:58 / Allies) Donttickmeoff: and what you have done wrong to merit a tk
(20:02 / Allies) Donttickmeoff: or I tk our whole team, and we lose
(20:14 / Allies) Donttickmeoff: Understood, purple?
(20:15 / Allies) Darkness917: dono what i did wrong to u lol
(20:26 / Allies) Donttickmeoff: Well you better figure it out
(20:30 / Allies) Donttickmeoff: or you done wrong to our whole team
(20:33 / Allies) Donttickmeoff: cuz they all get losses
(20:46 / Allies) Darkness917: get a life dude hahaha im here to play and have fun i have 4 accs more
(20:59 / All) Donttickmeoff: I told purple to explain his sins and what warranted a tk from me
(21:03 / All) Donttickmeoff: but he refused and told me to get a life
(21:15 / All) Donttickmeoff: Red, you have 2 minutes to explain waht you and purple have done to anger me
(21:19 / All) Donttickmeoff: or you and pink both lose
(21:21 / All) Donttickmeoff: sound fair?
(21:33 / All) Donttickmeoff: warning DL kill
(21:36 / All) Donttickmeoff: to show I'm serious
(21:53 / All) Donttickmeoff: Red you have 2 minutes
(22:15 / All) Donttickmeoff: not sure red understands what's at stake
(22:56 / All) Donttickmeoff: My team loses
(23:00 / All) Donttickmeoff: They refuse to explain their wrongs
(23:02 / All) SHEARLUCK.: k
(23:08 / All) SHEARLUCK.: u always sapper at the worst time lol
(23:19 / All) madpoopybutts: gg
(23:55 / All) SHEARLUCK.: yellow is a mass games china man
(24:01 / All) SHEARLUCK.: he no speak english
(24:27 / All) Donttickmeoff: not sure my team can speak english much either
(24:52 / All) Donttickmeoff: Red you don't have long to fire up your drophacks
(24:54 / All) Donttickmeoff: better act soon!
(25:07 / All) SHEARLUCK.: hes chippo every game
(25:33 / Allies) Donttickmeoff: you lose, red
(26:03 / All) SHEARLUCK.: over 8 yrs of nothing but chippo for yellow
(26:06 / All) SHEARLUCK.: not even kidding
(26:18 / All) Donttickmeoff: Red is silent
(26:22 / All) Donttickmeoff: red can you speak english?
(26:29 / All) Donttickmeoff: you lose
(26:36 / All) Donttickmeoff: ndp ndp
(26:51 / All) Donttickmeoff: kill pink's shit too
(26:55 / All) Donttickmeoff: after red
(27:04 / All) Donttickmeoff: standoff red vs yellow?
(27:07 / All) Donttickmeoff: think they'd stay?
(27:29 / All) SHEARLUCK.: not yet play it out a bit yellow still hsa shit i gotta kill him
(29:20 / All) Donttickmeoff: only pink left my side
(30:47 / All) Donttickmeoff: 100 food human air > chimbotchingbot shit
(31:43 / All) SHEARLUCK.: he def is a china man
(31:46 / All) SHEARLUCK.: from china?
(31:50 / All) SHEARLUCK.: say something in chinese
(31:55 / All) SHEARLUCK.: he said "why"
(32:06 / All) Donttickmeoff: Red left, now only the other red is left
(32:18 / All) SHEARLUCK.: lawl
(32:22 / All) SHEARLUCK.: he says he isnt china man
(32:33 / All) Donttickmeoff: what kind of chink are you yellow?
(32:59 / All) hongmylaoto: STUPID MOTHER FUCKER LOW LIVE
(33:04 / All) SHEARLUCK.: LOL
(33:11 / All) Donttickmeoff: which team loses? lawl
(33:28 / All) SHEARLUCK.: hes mas games, oj and teal are new accts
(33:34 / All) SHEARLUCK.: ur team stats?
(33:47 / All) Donttickmeoff: Red's name says he's a hacker but he's 11-18 team lol
(33:50 / All) Donttickmeoff: 17-16 solo
(33:56 / All) Donttickmeoff: 197-204 pink
(34:05 / All) Donttickmeoff: 72-64 purple
(34:08 / All) Donttickmeoff: purple loss I say
(34:13 / All) SHEARLUCK.: ues